 Dungeon Crawl Stone Soup version 0.26-a0-737-g4e9f4955e2 (webtiles) character file.

Game seed: 10567996405527679322

33 Forecaster the Stinger (level 3, -5/28 HPs)
             Began as a Naga Venom Mage on Nov 4, 2020.
             Slain by a gnoll
             ... wielding a +0 spear
              (11 damage)
             ... on level 2 of the Dungeon.
             The game lasted 00:03:54 (1119 turns).

Forecaster the Stinger (Naga Venom Mage)            Turns: 1119, Time: 00:03:55

Health: -5/28      AC:  2    Str: 10    XL:     3   Next: 29%
Magic:  0/6        EV:  9    Int: 16    God:
Gold:   58         SH:  0    Dex: 11    Spells: 3/6 levels left

rFire    . . .     SeeInvis +   g - +0 dagger
rCold    . . .     Faith    .   (no shield)
rNeg     . . .     Spirit   +   e - +0 leather armour
rPois    +         Reflect  .   (no helmet)
rElec    .         Harm     +   j - scarf {harm}
rCorr    .         Rampage  .   (no gloves)
MR       .....                  (no barding)
Stlth    ++........             f - amulet of guardian spirit
HPRegen  0.09/turn              (no ring)
MPRegen  0.10/turn              (no ring)

@: very slow
A: large, see invisible, deformed body, poison resistance, slowness 2, spit
poison 1, AC +1
a: Spit Poison


You were on level 2 of the Dungeon.
You visited 1 branch of the dungeon, and saw 2 of its levels.

You collected 58 gold pieces.

Inventory:

Hand Weapons
 g - a +0 dagger (weapon)
Armour
 a - a +0 robe
 e - a +0 leather armour (worn)
 j - a scarf of harm (worn)
Jewellery
 f - an amulet of guardian spirit (around neck)
Scrolls
 h - a scroll of identify {unknown}
 i - a scroll of fog {unknown}
Potions
 b - a potion of cancellation {unknown}
 c - a potion of lignification {unknown}
 d - 2 potions of brilliance {unknown}


   Skills:
 + Level 0.4 Armour
 + Level 1.6 Dodging
 + Level 3.0 Stealth
 + Level 2.4 Spellcasting
 + Level 1.2 Transmutations
 + Level 4.8 Poison Magic


You had 3 spell levels left.
You knew the following spells:

 Your Spells              Type           Power        Failure   Level
a - Sting                 Tmut/Pois      ##..         8%          1
b - Poisonous Vapours     Pois/Air       #.....       16%         2

Your spell library contained the following spells:

 Spells                   Type           Power        Failure   Level
 Ignite Poison            Fire/Tmut/Pois #.......     34%         3
 Mephitic Cloud           Conj/Pois/Air  #.......     38%         3
 Olgreb's Toxic Radiance  Pois           ###.....     34%         4


Dungeon Overview and Level Annotations

Branches:
Dungeon (2/15)

Altars:


Innate Abilities, Weirdness & Mutations

You cannot wear boots.
Your serpentine skin is tough. (AC +1)
You have supernaturally acute eyesight. (SInv)
Armour fits poorly on your strangely shaped body.
Your system is resistant to poisons. (rPois)
You cover ground very slowly.
You can spit poison.


Message History

A gnoll comes into view. It is wielding a +0 halberd.
The gnoll barely misses you.
The gnoll shouts! x2
You hit the gnoll but do no damage. The gnoll hits you.
The gnoll hits you with a +0 spear.
You barely miss the gnoll.
The gnoll is severely wounded.
A dart slug comes into view.
The gnoll barely misses you. The gnoll hits you with a +0 spear!
* * * LOW HITPOINT WARNING * * *
You kill the gnoll!
Casting: Sting (safe; 8% risk of failure)
Confirm with . or Enter, or press ? or * to list all spells.
You don't have enough magic to cast that spell.
There are monsters nearby!
The gnoll hits you.
* * * LOW HITPOINT WARNING * * *
You hit the gnoll but do no damage.
The gnoll hits you from afar with a +0 spear!
You die...

##.# #w.# #####.###
#...)...# #.......#
#..g....# ######## #..g....#
#......#####.......#
#......#.....g@....#
#>.......###.......#
#.......## #########
#......## #.......########
...######........###########
##...........###............
# #########........########
########.#######


You could see 3 gnolls and a dart slug.

Vanquished Creatures
  A gnoll (D:2)
  A dart slug (D:1)
  2 giant cockroaches
  A goblin (D:1)
  2 hobgoblins (D:1)
  7 bats
  2 frilled lizards (D:1)
  3 kobolds (D:1)
  A rat (D:1)
20 creatures vanquished.

Notes
Turn   | Place    | Note
-------+----------+-------------------------------------------
     0 | D:1      | Forecaster the Naga Venom Mage began the quest for the Orb.
     0 | D:1      | Reached XP level 1. HP: 15/15 MP: 3/3
   277 | D:1      | Reached XP level 2. HP: 22/22 MP: 3/5
   283 | D:1      | Learned a level 2 spell: Poisonous Vapours
  1088 | D:2      | Reached XP level 3. HP: 28/28 MP: 1/6
  1119 | D:2      | Slain by a gnoll

Illustrated notes

Levels and vault maps discovered:
D:1:      dpeg_arrival_fog, layout_loops_ring
D:2:      layout_rooms

Action                   || total
-------------------------++-------
Melee: Unarmed           ||     1
       Dagger            ||    24
 Cast: Sting             ||    11
       Poisonous Vapours ||    13
Armor: Leather armour    ||     8
Dodge: Dodged            ||    13

Table legend: (Time is in decaauts)
 A = Elapsed time spent in this place.
 B = Non-inter-level travel time spent in this place.
 C = Inter-level travel time spent in this place.
 D = Time resting spent in this place.
 E = Time spent auto-exploring this place.
 F = Levels seen in this place.
 G = Mean time per level.
                   A        B        C        D        E       F      G
               +--------+--------+--------+--------+--------+-----+--------+
         Total |   1359 |   1343 |     16 |    153 |    950 |   2 |  679.5 |
       Dungeon |   1359 |   1343 |     16 |    153 |    950 |   2 |  679.5 |
               +--------+--------+--------+--------+--------+-----+--------+

Top non-repeatable levels by time:
     D:1: 1232 daAuts
     D:2: 126 daAuts
